 Dungeon Crawl Stone Soup version 0.30-a0-953-g5f1da4a474 (webtiles) character file.

Game seed: 18232491044859523191

0 jasper the Sneak (level 1, -4/14 HPs)
             Began as a Gargoyle Delver on Mar 28, 2023.
             Was an Initiate of Ru.
             Slain by an iguana (12 damage)
             ... on level 4 of the Dungeon.
             The game lasted 00:00:57 (230 turns).

jasper the Sneak (Gargoyle Delver)                   Turns: 230, Time: 00:00:57

Health: -4/14      AC:  5    Str: 15    XL:     1   Next: 10%
Magic:  1/1        EV: 11    Int: 10    God:    Ru [......]
Gold:   0          SH:  0    Dex: 11    Spells: 0/0 levels left

rFire   . . .      SeeInvis .    a - +0 mace
rCold   . . .      Faith    .    (no shield)
rNeg    + . .      Spirit   .    b - +0 leather armour
rPois   ∞          Reflect  .    (no helmet)
rElec   +          Rampage  .    (no cloak)
rCorr   .                        (no gloves)
Will    .....                    (no boots)
Stlth   +++                      (no amulet)
HPRegen 0.22/turn                (no ring)
MPRegen 0.07/turn                (no ring)

@: no status effects
A: sickness immunity, AC +2, negative energy resistance 1, electricity
resistance, torment resistance 1, petrification resistance
a: Renounce Religion


You were on level 4 of the Dungeon.
You worshipped Ru.
Ru was noncommittal.
You visited 1 branch of the dungeon, and saw 2 of its levels.

Inventory:

Hand Weapons
 a - a +0 mace (weapon)
Armour
 b - a +0 leather armour (worn)
Wands
 g - a wand of digging (3)
Scrolls
 c - a scroll of fog
 d - a scroll of magic mapping


   Skills:
 + Level 3.3 Fighting
 * Level 2.0 Maces & Flails
 + Level 0.0 Armour
 + Level 1.5 Dodging
 - Level 5.4 Stealth


You couldn't memorise any spells.
You didn't know any spells.
Your spell library was empty.

Dungeon Overview and Level Annotations

Branches:
Dungeon (5/15)
 Temple: D:4-7

Altars:
Ru


Innate Abilities, Weirdness & Mutations

You are immune to sickness and miasma.
Your stone body is resilient. (AC +2)
You are immune to poison.
You resist negative energy. (rN+)
You are resistant to electric shocks. (rElec)
You are resistant to unholy torment.
You are immune to petrification.


Message History

You take 2 damage, and have 1/14 hp.
Unknown command.
Okay, then.
Unknown command.
As you read the scroll of fear, it crumbles to dust.
You assume a fearsome visage.
The ufetubus looks frightened!
You start resting.
Your extra speed is starting to run out.
You regained 2 hp, and now have 5/14 hp.
You start resting.
You feel yourself slow down.
You start resting.
HP restored.
Health restored: 14
Found 10 gold pieces.
A kobold comes into view. It is wielding a +0 dagger.
The helpless kobold fails to defend itself.
You sock the kobold!
You kill the kobold!
An orc comes into view. It is wielding a +0 trident.
Found 13 gold pieces.
You start waiting.
An ufetubus is nearby!
You open the door.
There is an open door here.
You close the door.
The iguana hisses angrily.
The iguana attacks as you move away! The iguana closely misses you.
Okay, then.
Okay, then.
Unknown command.
Okay, then.
The iguana attacks as you move away! The iguana completely misses you.
Found a stone staircase leading up.
The iguana attacks as you move away! The iguana bites you!
Ouch! That really hurt!
You take 6 damage, and have 8/14 hp.
MASSIVE DAMAGE!!
The iguana attacks as you move away! The iguana bites you!
Ouch! That really hurt!
You die...

#..#.##..
#############............
.........................
##......#####............
#..........#>.....<...<
#.........[#?....#...####
#..........#.............
#..........#...##.....###
######.....#...@l........
#######.....#.#.##....###
......#.....#.#...........
......#....$#+#######.....
..................# ....
.........)........# ...
..................# ..
.......#####......# .
####... #......#


You could see an iguana.

Vanquished Creatures
  A kobold (D:4)
1 creature vanquished.

Notes
Turn   | Place    | Note
-------+----------+-------------------------------------------
     0 | D:5      | jasper the Gargoyle Delver began the quest for the Orb.
     0 | D:5      | Reached XP level 1. HP: 14/14 MP: 1/1
    23 | D:5      | Found a sacrificial altar of Ru.
    31 | D:5      | Became a worshipper of Ru the Awakened
    45 | D:4      | Noticed an iguana
   230 | D:4      | Slain by an iguana

Illustrated notes

Levels and vault maps discovered:
D:4:      layout_basic, uniq_grinder, uniq_edmund, uniq_robin
D:5:      layout_layer_cave, mainiacjoe_overflow_surrounded_room,
          grunt_dithmenos_smoke_and_mirrors, minmay_temple_entry_hall

Action                     || total
---------------------------++-------
  Melee: Mace              ||    10
    Use: Scroll            ||     1
         Potion            ||     1
   Stab: Sleeping          ||     2
 Armour: Leather armour    ||    10
  Dodge: Dodged            ||    18

Table legend: (Time is in decaauts)
 A = Elapsed time spent in this place.
 B = Non-inter-level travel time spent in this place.
 C = Inter-level travel time spent in this place.
 D = Time resting spent in this place.
 E = Time spent auto-exploring this place.
 F = Levels seen in this place.
 G = Mean time per level.
                   A        B        C        D        E       F      G
               +--------+--------+--------+--------+--------+-----+--------+
         Total |    218 |    206 |     12 |     77 |     24 |   2 |  109.0 |
       Dungeon |    218 |    206 |     12 |     77 |     24 |   2 |  109.0 |
               +--------+--------+--------+--------+--------+-----+--------+

Top non-repeatable levels by time:
     D:4: 173 daAuts
     D:5: 45 daAuts
